Penguins vs Flyers

Created - November 14, 2015 at 10:46

Goals
1 2 3 OT1 SO T
Penguins 0 1 1 0 1 3
Flyers 0 0 2 0 0 2
Shots
1 2 3 OT1 SO T
Penguins 4 9 11 2 3 26
Flyers 8 9 9 1 3 27

1st period

No Goal

Penalties :
Carlo Colaiacovo (PHI) for Tripping (Minor) at 9:19, Ryan Getzlaf (PIT) for Slashing (Minor) at 10:34

2nd period

1. Penguins , Tanner Pearson 2 (Mark Giordano, Ryan Suter) at 8:50

Penalties :
Ryan Getzlaf (PIT) for Hooking (Minor) at 3:21, David Perron (PIT) for Hooking (Minor) at 12:13, Ondrej Palat (PIT) for Hooking (Minor) at 16:33

3rd period

2. Penguins , Jakub Voracek 7 (Jacob Trouba, Marc-Andre Fleury) at 5:38
3. Flyers , Carlo Colaiacovo 1 (Tom Gilbert, Carl Hagelin) at 9:20
4. Flyers , Joel Ward 6 (Dan Boyle, Daniel Sedin) at 18:27

Penalties :
Ondrej Palat (PIT) for Interference (Minor) at 10:10, Joel Ward (PHI) for Holding (Minor) at 16:08, Gabriel Bourque (PHI) for Hooking (Minor) at 18:40

Overtime #1

No Goal

Penalties :
No Penalty

Shootout

Penalty Shot by Ryan Nugent-Hopkins for Penguins - Goal!
Penalty Shot by Carl Hagelin for Flyers - Stopped by Marc-Andre Fleury
Penalty Shot by Jakub Voracek for Penguins - Shot Misses the Net
Penalty Shot by Mike Ribeiro for Flyers - Stopped by Marc-Andre Fleury
Penalty Shot by David Perron for Penguins - Shot Misses the Net
Penalty Shot by Jean-Gabriel Pageau for Flyers - Stopped by Marc-Andre Fleury

Penalties :
No Penalty

Goalie Stats

Marc-Andre Fleury (PIT), 25 saves from 27 shots - (0.926), W, 10-8-0, 65:00 minutes
Devan Dubnyk (PHI), 24 saves from 26 shots - (0.923), OTL, 6-5-3, 65:00 minutes

Players Stats for Penguins

Player Name              G  A  P  +/- PIM S  H  SB GA TA FO     MP     PP MP  PK MP  
------------------------------------------------------------------------------------
Brandon Saad             0  0  0  -1  0   2  0  0  0  0  2/2    21:25   2:39   4:23 
David Perron             0  0  0   0  2   2  5  0  0  0  0/3    15:45   0:00   0:04 
Dmitry Kulikov           0  0  0  -1  0   1  1  0  0  0  0/0    24:59   1:41   4:55 
Gregory Campbell         0  0  0   0  0   0  0  0  0  0  1/1     7:40   0:00   1:09 
Jacob De La Rose         0  0  0   0  0   0  0  0  0  0  0/0     1:21   0:00   1:21 
Jacob Trouba             0  1  1   0  0   0  1  0  0  0  0/0    12:27   0:00   0:00 
Jakub Voracek            1  0  1   1  0   3  0  0  0  0  1/2    20:11   1:54   0:00 
James van Riemsdyk       0  0  0   1  0   4  3  0  0  0  0/0    20:55   1:54   0:00 
Kevan Miller             0  0  0   0  0   0  0  2  0  0  0/0    17:22   0:00   4:55 
Luke Glendening          0  0  0   0  0   0  0  1  0  0  9/20   16:03   0:00   6:12 
Mark Arcobello           0  0  0   0  0   0  0  0  0  0  4/5     5:51   0:00   0:00 
Mark Giordano            0  1  1   1  0   5  2  4  0  0  0/0    27:34   2:52   4:16 
Ondrej Palat             0  0  0  -1  4   2  6  0  0  0  2/2    19:43   2:39   3:23 
Ryan Getzlaf             0  0  0   1  4   1  2  0  0  0  11/22  19:55   1:53   0:00 
Ryan Nugent-Hopkins      0  0  0  -1  0   4  2  1  0  0  12/25  21:20   2:39   1:50 
Ryan Suter               0  1  1   1  0   0  1  0  0  0  0/0    23:18   2:52   0:00 
Tanner Pearson           1  0  1   0  0   1  0  0  0  0  0/0     9:51   0:00   0:00 
Victor Hedman            0  0  0  -1  0   1  1  0  0  0  0/0    24:20   1:41   4:16 

Players Stats for Flyers

Player Name              G  A  P  +/- PIM S  H  SB GA TA FO     MP     PP MP  PK MP  
------------------------------------------------------------------------------------
Carl Hagelin             0  1  1   1  0   5  2  0  0  0  6/12   24:50   4:59   2:56 
Carlo Colaiacovo         1  0  1   1  2   2  1  0  0  0  0/0    18:44   0:00   1:48 
Damien Brunner           0  0  0   0  0   0  0  0  0  0  2/4     5:30   0:13   0:14 
Damon Severson           0  0  0   0  0   0  0  0  0  0  0/0    16:42   0:38   0:14 
Dan Boyle                0  1  1  -1  0   2  0  0  0  0  0/0    26:40   5:04   2:07 
Daniel Sedin             0  1  1  -1  0   7  0  1  0  0  6/16   21:06   4:59   0:00 
Gabriel Bourque          0  0  0   0  2   0  1  0  0  0  3/4     5:55   0:38   0:15 
Jean-Gabriel Pageau      0  0  0   0  0   3  1  0  0  0  3/3    19:35   3:35   3:29 
Joel Ward                1  0  1  -1  2   3  0  1  0  0  0/1    15:10   0:00   0:00 
Kyle Brodziak            0  0  0   1  0   0  0  0  0  0  6/13   13:41   0:00   0:00 
Luca Sbisa               0  0  0  -1  0   1  2  2  0  0  0/0    21:19   4:32   0:08 
Mark Fistric             0  0  0   0  0   0  1  0  0  0  0/0    20:38   4:39   2:32 
Mike Ribeiro             0  0  0   0  0   1  1  0  0  0  10/19  22:31   3:59   1:29 
Mike Santorelli          0  0  0   0  0   3  1  0  0  0  3/7    21:15   3:34   1:23 
Olli Jokinen             0  0  0  -1  0   0  0  0  0  0  0/2    19:23   4:12   0:00 
Pierre-Alexandr Parentea 0  0  0   1  0   0  0  0  0  0  1/1    15:05   1:24   0:00 
Ryan Ellis               0  0  0   0  0   0  0  1  0  0  0/0     0:45   0:00   0:45 
Tom Gilbert              0  1  1   1  0   0  2  0  0  0  0/0    25:11   3:29   2:52 

3 Stars

1 - Jakub Voracek (PIT)
2 - Mark Giordano (PIT)
3 - Carl Hagelin (PHI)

Power Play

Penguins - 0 on 3 Attempt(s) - 0.00%
Flyers - 0 on 5 Attempt(s) - 0.00%

Penalty Kill

Penguins - 5 on 5 Attempt(s) - 100.00% - Score 0 goal in Penalty Kill
Flyers - 3 on 3 Attempt(s) - 100.00% - Score 0 goal in Penalty Kill

Team Stat

Penguins - Hits : 24 - Faceoff Wins : 42 - Blocked Shots : 8 - Penalty Minutes : 10
Flyers - Hits : 12 - Faceoff Wins : 40 - Blocked Shots : 5 - Penalty Minutes : 6

Official

Referees : Dave Jackson and Dan O'Rourke
Linesman : Steve Miller and Mark Shewchyk

Game Notes

Ryan Ellis is injured at 10:25 of 1st period (Right Leg)

Finance

Level 1 -- Attendance: 5243 (80.66%) -- Ticket Income $592,459
Level 2 -- Attendance: 4554 (91.08%) -- Ticket Income $359,766
Level 3 -- Attendance: 3406 (97.31%) -- Ticket Income $153,270
Level 4 -- Attendance: 2776 (78.48%) -- Ticket Income $72,176
Luxury Box -- Attendance: 722 (72.20%) -- Ticket Income $162,450
Game was played at the Wells Fargo Center.
Total Attendance: 16701 (85.48%)
Total Ticket Income: $1,340,121
Other Income: $201,018
Total Income: $1,541,139

% Time on Ice - Penguins

Lines # - Real PCT - Wanted PCT - Time Play
Normal Forward
1 - 35% - 33% - 16:07
2 - 30% - 32% - 13:43
3 - 22% - 22% - 9:51
4 - 13% - 13% - 5:51
Normal Defense
1 - 39% - 40% - 17:40
2 - 34% - 35% - 15:31
3 - 23% - 20% - 10:26
4 - 4% - 5% - 1:55
PP Forward
1 - 42% - 53% - 1:54
2 - 58% - 47% - 2:39
PP Defense
1 - 63% - 75% - 2:52
2 - 37% - 25% - 1:41
PK Forward
1 - 80% - 55% - 7:21
2 - 20% - 45% - 1:50
PK Defense
1 - 54% - 60% - 4:55
2 - 46% - 40% - 4:16
PK3 Forward
1 - 0% - 55%
2 - 0% - 45%
PK3 Defense
1 - 0% - 55%
2 - 0% - 45%
44 Forward
1 - 62% - 55% - 3:34
2 - 38% - 45% - 2:10
44 Defense
1 - 48% - 55% - 2:46
2 - 52% - 45% - 2:58
Last Minute Offensive  - 0:00
Last Minute Defensive  - 0:00
Total
Forward - 65:00
Defense - 65:00

% Time on Ice - Flyers

Lines # - Real PCT - Wanted PCT - Time Play
Normal Forward
1 - 33% - 40% - 15:11
2 - 27% - 35% - 12:31
3 - 30% - 20% - 13:41
4 - 9% - 5% - 4:09
Normal Defense
1 - 36% - 45% - 16:11
2 - 36% - 30% - 16:31
3 - 28% - 15% - 12:50
4 - 0% - 10% - 0:00
PP Forward
1 - 54% - 60% - 4:59
2 - 46% - 40% - 4:12
PP Defense
1 - 55% - 60% - 5:04
2 - 45% - 40% - 4:07
PK Forward
1 - 82% - 60% - 3:44
2 - 18% - 40% - 0:49
PK Defense
1 - 35% - 60% - 1:35
2 - 65% - 40% - 2:58
PK3 Forward
1 - 100% - 60% - 0:40
2 - 0% - 40% - 0:00
PK3 Defense
1 - 20% - 60% - 0:08
2 - 80% - 40% - 0:32
44 Forward
1 - 82% - 60% - 4:08
2 - 18% - 40% - 0:56
44 Defense
1 - 59% - 60% - 3:00
2 - 41% - 40% - 2:04
Last Minute Offensive  - 0:00
Last Minute Defensive  - 0:00
Total
Forward - 65:00
Defense - 65:00

Play by Play

1st period


0:01 of 1st period - Daniel Sedin wins face-off versus Ryan Getzlaf in neutral zone.
0:11 of 1st period - Icing by Mark Giordano.
0:12 of 1st period - Ryan Getzlaf wins face-off versus Mike Ribeiro in Penguins zone.
0:23 of 1st period - Shot by Jean-Gabriel Pageau.
0:23 of 1st period - Shot Hit the Post.
0:25 of 1st period - Shot by Mike Santorelli.
0:25 of 1st period - Shot Misses the Net.
0:34 of 1st period - Icing by Mark Giordano.
0:35 of 1st period - Ryan Getzlaf wins face-off versus Kyle Brodziak in Penguins zone.
1:24 of 1st period - Icing by Ryan Suter.
1:25 of 1st period - Ryan Getzlaf wins face-off versus Daniel Sedin in Penguins zone.
1:40 of 1st period - Icing by Luca Sbisa.
1:41 of 1st period - Ryan Nugent-Hopkins wins face-off versus Daniel Sedin in Flyers zone.
2:25 of 1st period - Joel Ward is hit by Ondrej Palat and loses puck.
2:46 of 1st period - Shot by David Perron.
2:46 of 1st period - Stopped by Devan Dubnyk without a rebound.
2:47 of 1st period - Jean-Gabriel Pageau wins face-off versus Mark Arcobello in Flyers zone.
2:47 of 1st period - Jean-Gabriel Pageau is hit by David Perron.
3:36 of 1st period - David Perron is hit by Tom Gilbert and loses puck.
4:36 of 1st period - Icing by Kyle Brodziak.
4:37 of 1st period - Brandon Saad wins face-off versus Kyle Brodziak in Flyers zone.
4:38 of 1st period - Shot by Ryan Nugent-Hopkins.
4:38 of 1st period - Stopped by Devan Dubnyk without a rebound.
4:39 of 1st period - Daniel Sedin wins face-off versus Ryan Nugent-Hopkins in Flyers zone.
4:44 of 1st period - Shot by Daniel Sedin.
4:44 of 1st period - Shot Blocked by Ryan Nugent-Hopkins.
4:46 of 1st period - Shot by Daniel Sedin.
4:46 of 1st period - Deflect By Joel Ward.
4:46 of 1st period - Shot Misses the Net.
4:48 of 1st period - Shot by Daniel Sedin.
4:48 of 1st period - Stopped by Marc-Andre Fleury without a rebound.
4:49 of 1st period - Luke Glendening wins face-off versus Olli Jokinen in Penguins zone.
4:51 of 1st period - Icing by David Perron.
4:52 of 1st period - Daniel Sedin wins face-off versus Luke Glendening in Penguins zone.
5:05 of 1st period - Shot by David Perron.
5:05 of 1st period - Shot Blocked by Luca Sbisa.
5:30 of 1st period - Shot by Joel Ward.
5:30 of 1st period - Shot Blocked by Luke Glendening.
5:37 of 1st period - Icing by Dmitry Kulikov.
5:38 of 1st period - Mike Santorelli wins face-off versus Luke Glendening in Penguins zone.
5:41 of 1st period - Shot by Jean-Gabriel Pageau.
5:41 of 1st period - Shot Misses the Net.
5:43 of 1st period - Shot by Carlo Colaiacovo.
5:43 of 1st period - Stopped by Marc-Andre Fleury without a rebound.
5:44 of 1st period - Ryan Nugent-Hopkins wins face-off versus Mike Ribeiro in Penguins zone.
5:49 of 1st period - Tom Gilbert is hit by Ryan Nugent-Hopkins and loses puck.
6:01 of 1st period - Icing by Carlo Colaiacovo.
6:02 of 1st period - Ryan Getzlaf wins face-off versus Mike Ribeiro in Flyers zone.
6:23 of 1st period - Shot by Ryan Getzlaf.
6:23 of 1st period - Stopped by Devan Dubnyk with a rebound.
6:25 of 1st period - Shot by Ryan Suter.
6:25 of 1st period - Shot Misses the Net.
7:12 of 1st period - Ondrej Palat is hit by Luca Sbisa and loses puck.
9:19 of 1st period - Minor Penalty to Carlo Colaiacovo for Tripping.
9:20 of 1st period - Mike Santorelli wins face-off versus Ryan Nugent-Hopkins in Flyers zone.
9:48 of 1st period - Tom Gilbert is hit by Ryan Nugent-Hopkins and loses puck.
10:25 of 1st period - Shot by Victor Hedman.
10:25 of 1st period - Shot Blocked by Ryan Ellis.
10:25 of 1st period - Ryan Ellis from Flyers is injured at 10:25 of 1st period (Right Leg).
10:26 of 1st period - Ryan Getzlaf wins face-off versus Mike Santorelli in Flyers zone.
10:29 of 1st period - Shot by James van Riemsdyk.
10:29 of 1st period - Stopped by Devan Dubnyk without a rebound.
10:30 of 1st period - Ryan Getzlaf wins face-off versus Carl Hagelin in Flyers zone.
10:31 of 1st period - Shot by Dmitry Kulikov.
10:31 of 1st period - Shot Misses the Net.
10:34 of 1st period - Minor Penalty to Ryan Getzlaf for Slashing.
10:35 of 1st period - Ryan Nugent-Hopkins wins face-off versus Mike Santorelli in Penguins zone.
10:35 of 1st period - Ryan Nugent-Hopkins is hit by Mike Santorelli.
11:04 of 1st period - Shot by Carl Hagelin.
11:04 of 1st period - Deflect By Mike Santorelli.
11:04 of 1st period - Stopped by Marc-Andre Fleury without a rebound.
11:05 of 1st period - Carl Hagelin wins face-off versus Ryan Nugent-Hopkins in Penguins zone.
11:39 of 1st period - Shot by Mike Santorelli.
11:39 of 1st period - Stopped by Marc-Andre Fleury without a rebound.
11:40 of 1st period - Daniel Sedin wins face-off versus Luke Glendening in Penguins zone.
13:07 of 1st period - Damien Brunner is hit by Jacob Trouba and loses puck.
13:30 of 1st period - Ryan Suter is hit by Gabriel Bourque and loses puck.
13:49 of 1st period - Shot by Daniel Sedin.
13:49 of 1st period - Stopped by Marc-Andre Fleury with a rebound.
13:51 of 1st period - Shot by Dan Boyle.
13:51 of 1st period - Stopped by Marc-Andre Fleury with a rebound.
14:03 of 1st period - Shot by Daniel Sedin.
14:03 of 1st period - Stopped by Marc-Andre Fleury with a rebound.
14:05 of 1st period - Shot by Dan Boyle.
14:05 of 1st period - Shot Misses the Net.
14:36 of 1st period - Shot by Tom Gilbert.
14:36 of 1st period - Shot Blocked by Mark Giordano.
14:38 of 1st period - Shot by Kyle Brodziak.
14:38 of 1st period - Shot Misses the Net.
15:00 of 1st period - Shot by Carl Hagelin.
15:00 of 1st period - Shot Misses the Net.
15:29 of 1st period - Shot by Mike Santorelli.
15:29 of 1st period - Shot Blocked by Mark Giordano.
15:31 of 1st period - Shot by Luca Sbisa.
15:31 of 1st period - Shot Misses the Net.
15:45 of 1st period - Tom Gilbert is hit by Ryan Getzlaf and loses puck.
15:58 of 1st period - Shot by Damon Severson.
15:58 of 1st period - Shot Blocked by Mark Giordano.
16:00 of 1st period - Shot by Damon Severson.
16:00 of 1st period - Shot Misses the Net.
16:39 of 1st period - Shot by Mike Santorelli.
16:39 of 1st period - Shot Blocked by Mark Giordano.
18:02 of 1st period - Icing by Kevan Miller.
18:03 of 1st period - Luke Glendening wins face-off versus Daniel Sedin in Penguins zone.
18:16 of 1st period - Shot by David Perron.
18:16 of 1st period - Deflect By Tanner Pearson.
18:16 of 1st period - Shot Blocked by Joel Ward.
19:18 of 1st period - Shot by Mike Ribeiro.
19:18 of 1st period - Stopped by Marc-Andre Fleury without a rebound.
19:19 of 1st period - Mark Arcobello wins face-off versus Damien Brunner in Penguins zone.
Goals for this period are 0 for Penguins vs 0 for Flyers.
Shots for this period are 4 for Penguins vs 8 for Flyers.

2nd period


0:01 of 2nd period - Ondrej Palat wins face-off versus Mike Ribeiro in neutral zone.
0:16 of 2nd period - Off-side.
0:17 of 2nd period - Daniel Sedin wins face-off versus Luke Glendening in neutral zone.
0:19 of 2nd period - Carlo Colaiacovo is hit by Mark Giordano and loses puck.
0:26 of 2nd period - Shot by Joel Ward.
0:26 of 2nd period - Shot Misses the Net.
0:28 of 2nd period - Shot by Joel Ward.
0:28 of 2nd period - Stopped by Marc-Andre Fleury without a rebound.
0:29 of 2nd period - Mike Ribeiro wins face-off versus Ryan Nugent-Hopkins in Penguins zone.
0:57 of 2nd period - Shot by Ryan Nugent-Hopkins.
0:57 of 2nd period - Stopped by Devan Dubnyk with a rebound.
1:57 of 2nd period - Shot by David Perron.
1:57 of 2nd period - Stopped by Devan Dubnyk without a rebound.
1:58 of 2nd period - Kyle Brodziak wins face-off versus Ryan Getzlaf in Flyers zone.
1:58 of 2nd period - Kyle Brodziak is hit by James van Riemsdyk.
2:08 of 2nd period - Shot by Carl Hagelin.
2:08 of 2nd period - Shot Misses the Net.
2:14 of 2nd period - Shot by Pierre-Alexandr Parenteau.
2:14 of 2nd period - Shot Misses the Net.
2:28 of 2nd period - Icing by Mark Fistric.
2:29 of 2nd period - Ryan Nugent-Hopkins wins face-off versus Kyle Brodziak in Flyers zone.
2:58 of 2nd period - Shot by Brandon Saad.
2:58 of 2nd period - Stopped by Devan Dubnyk without a rebound.
2:59 of 2nd period - Mike Ribeiro wins face-off versus Luke Glendening in Flyers zone.
2:59 of 2nd period - Mike Ribeiro is hit by David Perron.
3:10 of 2nd period - Icing by Mike Ribeiro.
3:11 of 2nd period - Mike Ribeiro wins face-off versus Ryan Getzlaf in Flyers zone.
3:13 of 2nd period - Dan Boyle is hit by Ryan Getzlaf and loses puck.
3:21 of 2nd period - Minor Penalty to Ryan Getzlaf for Hooking.
3:22 of 2nd period - Mike Ribeiro wins face-off versus Luke Glendening in Penguins zone.
3:35 of 2nd period - Shot by Mike Ribeiro.
3:35 of 2nd period - Shot Misses the Net.
3:37 of 2nd period - Shot by Luca Sbisa.
3:37 of 2nd period - Stopped by Marc-Andre Fleury without a rebound.
3:38 of 2nd period - Carl Hagelin wins face-off versus Luke Glendening in Penguins zone.
4:00 of 2nd period - Daniel Sedin is hit by Victor Hedman and loses puck.
4:43 of 2nd period - Shot by Mike Ribeiro.
4:43 of 2nd period - Shot Misses the Net.
5:03 of 2nd period - Shot by Mike Santorelli.
5:03 of 2nd period - Stopped by Marc-Andre Fleury without a rebound.
5:04 of 2nd period - Ryan Nugent-Hopkins wins face-off versus Carl Hagelin in Penguins zone.
5:32 of 2nd period - Icing by David Perron.
5:33 of 2nd period - Mark Arcobello wins face-off versus Kyle Brodziak in Penguins zone.
5:33 of 2nd period - Mark Arcobello is hit by Carl Hagelin.
5:48 of 2nd period - Carl Hagelin is hit by Ryan Suter and loses puck.
6:01 of 2nd period - Shot by Luca Sbisa.
6:01 of 2nd period - Shot Misses the Net.
6:25 of 2nd period - Shot by Joel Ward.
6:25 of 2nd period - Stopped by Marc-Andre Fleury without a rebound.
6:26 of 2nd period - Mike Ribeiro wins face-off versus Ryan Nugent-Hopkins in Penguins zone.
6:26 of 2nd period - Carlo Colaiacovo is hit by Dmitry Kulikov and loses puck.
7:10 of 2nd period - Brandon Saad is hit by Carlo Colaiacovo and loses puck.
8:16 of 2nd period - Shot by Daniel Sedin.
8:16 of 2nd period - Stopped by Marc-Andre Fleury without a rebound.
8:17 of 2nd period - Luke Glendening wins face-off versus Daniel Sedin in Penguins zone.
8:36 of 2nd period - Shot by Daniel Sedin.
8:36 of 2nd period - Shot Misses the Net.
8:50 of 2nd period - Shot by Tanner Pearson.
8:50 of 2nd period - Goal by Tanner Pearson - Penguins : 1 - Flyers : 0.
8:51 of 2nd period - Kyle Brodziak wins face-off versus Ryan Nugent-Hopkins in neutral zone.
8:51 of 2nd period - Kyle Brodziak is hit by Ondrej Palat.
9:10 of 2nd period - Pierre-Alexandr Parenteau is hit by Ondrej Palat and loses puck.
9:32 of 2nd period - Icing by Damon Severson.
9:33 of 2nd period - Kyle Brodziak wins face-off versus David Perron in Flyers zone.
9:37 of 2nd period - Carl Hagelin is hit by David Perron and loses puck.
9:45 of 2nd period - Kyle Brodziak is hit by David Perron and loses puck.
10:08 of 2nd period - Icing by Pierre-Alexandr Parenteau.
10:09 of 2nd period - Kyle Brodziak wins face-off versus Ryan Getzlaf in Flyers zone.
10:54 of 2nd period - Shot by James van Riemsdyk.
10:54 of 2nd period - Stopped by Devan Dubnyk without a rebound.
10:55 of 2nd period - Mike Ribeiro wins face-off versus Ryan Nugent-Hopkins in Flyers zone.
10:55 of 2nd period - Mike Ribeiro is hit by Ondrej Palat.
12:13 of 2nd period - Minor Penalty to David Perron for Hooking.
12:14 of 2nd period - Luke Glendening wins face-off versus Carl Hagelin in Penguins zone.
13:16 of 2nd period - Damon Severson is hit by Mark Giordano and loses puck.
13:49 of 2nd period - Shot by Jean-Gabriel Pageau.
13:49 of 2nd period - Stopped by Marc-Andre Fleury without a rebound.
13:50 of 2nd period - Carl Hagelin wins face-off versus Luke Glendening in Penguins zone.
13:57 of 2nd period - Shot by Jean-Gabriel Pageau.
13:57 of 2nd period - Shot Blocked by Kevan Miller.
13:59 of 2nd period - Shot by Daniel Sedin.
13:59 of 2nd period - Deflect By Carl Hagelin.
13:59 of 2nd period - Stopped by Marc-Andre Fleury without a rebound.
14:00 of 2nd period - Ondrej Palat wins face-off versus Damien Brunner in Penguins zone.
14:08 of 2nd period - Icing by Mike Santorelli.
14:09 of 2nd period - Damien Brunner wins face-off versus Luke Glendening in Flyers zone.
14:54 of 2nd period - Shot by Ryan Getzlaf.
14:54 of 2nd period - Deflect By James van Riemsdyk.
14:54 of 2nd period - Stopped by Devan Dubnyk without a rebound.
14:55 of 2nd period - Mark Arcobello wins face-off versus Daniel Sedin in Flyers zone.
14:55 of 2nd period - Dmitry Kulikov is hit by Luca Sbisa and loses puck.
15:14 of 2nd period - Shot by Mark Arcobello.
15:14 of 2nd period - Shot Misses the Net.
15:16 of 2nd period - Shot by Dmitry Kulikov.
15:16 of 2nd period - Stopped by Devan Dubnyk with a rebound.
15:22 of 2nd period - Shot by David Perron.
15:22 of 2nd period - Shot Blocked by Luca Sbisa.
15:48 of 2nd period - Dan Boyle is hit by Ondrej Palat.
15:52 of 2nd period - Shot by Ondrej Palat.
15:52 of 2nd period - Stopped by Devan Dubnyk without a rebound.
15:53 of 2nd period - Ryan Nugent-Hopkins wins face-off versus Mike Ribeiro in Flyers zone.
16:33 of 2nd period - Minor Penalty to Ondrej Palat for Hooking.
16:34 of 2nd period - Luke Glendening wins face-off versus Carl Hagelin in Penguins zone.
18:16 of 2nd period - Shot by Brandon Saad.
18:16 of 2nd period - Shot Blocked by Daniel Sedin.
18:36 of 2nd period - Shot by Daniel Sedin.
18:36 of 2nd period - Stopped by Marc-Andre Fleury without a rebound.
18:37 of 2nd period - Gabriel Bourque wins face-off versus Ryan Getzlaf in Penguins zone.
18:44 of 2nd period - Off-side.
18:45 of 2nd period - Gabriel Bourque wins face-off versus Ryan Getzlaf in neutral zone.
18:50 of 2nd period - Shot by Mike Ribeiro.
18:50 of 2nd period - Shot Misses the Net.
19:20 of 2nd period - Shot by James van Riemsdyk.
19:20 of 2nd period - Stopped by Devan Dubnyk without a rebound.
19:21 of 2nd period - Kyle Brodziak wins face-off versus David Perron in Flyers zone.
19:51 of 2nd period - Shot by Kyle Brodziak.
19:51 of 2nd period - Deflect By Carl Hagelin.
19:51 of 2nd period - Stopped by Marc-Andre Fleury with a rebound.
Goals for this period are 1 for Penguins vs 0 for Flyers.
Shots for this period are 9 for Penguins vs 9 for Flyers.

3rd period


0:01 of 3rd period - Brandon Saad wins face-off versus Daniel Sedin in neutral zone.
0:28 of 3rd period - Icing by Dmitry Kulikov.
0:29 of 3rd period - Ryan Nugent-Hopkins wins face-off versus Mike Ribeiro in Penguins zone.
0:34 of 3rd period - Mike Santorelli is hit by Ondrej Palat and loses puck.
0:45 of 3rd period - Shot by Ryan Nugent-Hopkins.
0:45 of 3rd period - Stopped by Devan Dubnyk without a rebound.
0:46 of 3rd period - Luke Glendening wins face-off versus Kyle Brodziak in Flyers zone.
0:51 of 3rd period - Shot by Luke Glendening.
0:51 of 3rd period - Deflect By David Perron.
0:51 of 3rd period - Shot Misses the Net.
1:16 of 3rd period - Shot by Pierre-Alexandr Parenteau.
1:16 of 3rd period - Shot Misses the Net.
1:22 of 3rd period - Shot by David Perron.
1:22 of 3rd period - Shot Misses the Net.
2:04 of 3rd period - Shot by Ryan Nugent-Hopkins.
2:04 of 3rd period - Stopped by Devan Dubnyk without a rebound.
2:05 of 3rd period - Daniel Sedin wins face-off versus Ryan Getzlaf in Flyers zone.
2:30 of 3rd period - Shot by Joel Ward.
2:30 of 3rd period - Shot Misses the Net.
2:32 of 3rd period - Shot by Olli Jokinen.
2:32 of 3rd period - Shot Blocked by Kevan Miller.
3:46 of 3rd period - Icing by Dmitry Kulikov.
3:47 of 3rd period - Ryan Nugent-Hopkins wins face-off versus Mike Ribeiro in Penguins zone.
3:49 of 3rd period - Icing by Ondrej Palat.
3:50 of 3rd period - Pierre-Alexandr Parenteau wins face-off versus Ryan Nugent-Hopkins in Penguins zone.
4:11 of 3rd period - Shot by Carl Hagelin.
4:11 of 3rd period - Deflect By Pierre-Alexandr Parenteau.
4:11 of 3rd period - Shot Misses the Net.
4:13 of 3rd period - Shot by Carl Hagelin.
4:13 of 3rd period - Stopped by Marc-Andre Fleury without a rebound.
4:14 of 3rd period - Luke Glendening wins face-off versus Mike Ribeiro in Penguins zone.
4:21 of 3rd period - Mark Fistric is hit by David Perron and loses puck.
5:25 of 3rd period - Jacob Trouba is hit by Jean-Gabriel Pageau and loses puck.
5:38 of 3rd period - Shot by Jakub Voracek.
5:38 of 3rd period - Goal by Jakub Voracek - Penguins : 2 - Flyers : 0.
5:39 of 3rd period - Ryan Nugent-Hopkins wins face-off versus Daniel Sedin in neutral zone.
6:05 of 3rd period - Off-side.
6:06 of 3rd period - Jakub Voracek wins face-off versus Kyle Brodziak in neutral zone.
6:12 of 3rd period - Icing by Tom Gilbert.
6:13 of 3rd period - Kyle Brodziak wins face-off versus Ryan Getzlaf in Flyers zone.
6:37 of 3rd period - Shot by Jakub Voracek.
6:37 of 3rd period - Shot Misses the Net.
7:26 of 3rd period - Icing by Luca Sbisa.
7:27 of 3rd period - Ryan Nugent-Hopkins wins face-off versus Olli Jokinen in Flyers zone.
7:44 of 3rd period - Shot by Brandon Saad.
7:44 of 3rd period - Shot Misses the Net.
8:01 of 3rd period - Shot by Ondrej Palat.
8:01 of 3rd period - Stopped by Devan Dubnyk without a rebound.
8:02 of 3rd period - Mike Ribeiro wins face-off versus David Perron in Flyers zone.
8:27 of 3rd period - Jacob Trouba is hit by Mike Ribeiro and loses puck.
8:55 of 3rd period - David Perron is hit by Tom Gilbert and loses puck.
9:12 of 3rd period - Shot by Carl Hagelin.
9:12 of 3rd period - Shot Misses the Net.
9:16 of 3rd period - Shot by Kyle Brodziak.
9:16 of 3rd period - Deflect By Carl Hagelin.
9:16 of 3rd period - Stopped by Marc-Andre Fleury with a rebound.
9:18 of 3rd period - Shot by Tom Gilbert.
9:18 of 3rd period - Shot Misses the Net.
9:20 of 3rd period - Shot by Carlo Colaiacovo.
9:20 of 3rd period - Goal by Carlo Colaiacovo - Penguins : 2 - Flyers : 1.
9:21 of 3rd period - Ryan Getzlaf wins face-off versus Daniel Sedin in neutral zone.
9:55 of 3rd period - Icing by Daniel Sedin.
9:56 of 3rd period - Ryan Nugent-Hopkins wins face-off versus Joel Ward in Flyers zone.
10:10 of 3rd period - Minor Penalty to Ondrej Palat for Interference.
10:11 of 3rd period - Carl Hagelin wins face-off versus Luke Glendening in Penguins zone.
10:33 of 3rd period - Shot by Carl Hagelin.
10:33 of 3rd period - Stopped by Marc-Andre Fleury without a rebound.
10:34 of 3rd period - Mike Ribeiro wins face-off versus Luke Glendening in Penguins zone.
10:35 of 3rd period - Shot by Dan Boyle.
10:35 of 3rd period - Stopped by Marc-Andre Fleury without a rebound.
10:36 of 3rd period - Luke Glendening wins face-off versus Mike Ribeiro in Penguins zone.
12:21 of 3rd period - Shot by Carl Hagelin.
12:21 of 3rd period - Shot Misses the Net.
12:45 of 3rd period - Shot by Ryan Getzlaf.
12:45 of 3rd period - Shot Misses the Net.
12:47 of 3rd period - Shot by Mark Giordano.
12:47 of 3rd period - Stopped by Devan Dubnyk with a rebound.
12:49 of 3rd period - Shot by Mark Giordano.
12:49 of 3rd period - Stopped by Devan Dubnyk without a rebound.
12:50 of 3rd period - Mark Arcobello wins face-off versus Gabriel Bourque in Flyers zone.
12:50 of 3rd period - David Perron is hit by Mark Fistric and loses puck.
13:41 of 3rd period - Off-side.
13:42 of 3rd period - Ryan Getzlaf wins face-off versus Daniel Sedin in neutral zone.
14:20 of 3rd period - Shot by Mark Giordano.
14:20 of 3rd period - Stopped by Devan Dubnyk without a rebound.
14:21 of 3rd period - Ryan Nugent-Hopkins wins face-off versus Kyle Brodziak in Flyers zone.
15:09 of 3rd period - Icing by Jacob Trouba.
15:10 of 3rd period - Mike Ribeiro wins face-off versus Ryan Nugent-Hopkins in Penguins zone.
15:11 of 3rd period - Shot by Jean-Gabriel Pageau.
15:11 of 3rd period - Stopped by Marc-Andre Fleury with a rebound.
15:29 of 3rd period - Shot by Jean-Gabriel Pageau.
15:29 of 3rd period - Stopped by Marc-Andre Fleury without a rebound.
15:30 of 3rd period - Luke Glendening wins face-off versus Daniel Sedin in Penguins zone.
16:08 of 3rd period - Minor Penalty to Joel Ward for Holding.
16:09 of 3rd period - Jean-Gabriel Pageau wins face-off versus Ryan Getzlaf in Flyers zone.
16:19 of 3rd period - Off-side.
16:20 of 3rd period - Ryan Getzlaf wins face-off versus Carl Hagelin in neutral zone.
16:35 of 3rd period - Shot by Ryan Getzlaf.
16:35 of 3rd period - Shot Misses the Net.
16:37 of 3rd period - Shot by Mark Giordano.
16:37 of 3rd period - Stopped by Devan Dubnyk without a rebound.
16:38 of 3rd period - Jean-Gabriel Pageau wins face-off versus Ryan Nugent-Hopkins in Flyers zone.
17:58 of 3rd period - Shot by Victor Hedman.
17:58 of 3rd period - Stopped by Devan Dubnyk without a rebound.
17:59 of 3rd period - Ryan Getzlaf wins face-off versus Mike Santorelli in Flyers zone.
18:23 of 3rd period - Shot by Daniel Sedin.
18:23 of 3rd period - Stopped by Marc-Andre Fleury with a rebound.
18:27 of 3rd period - Shot by Joel Ward.
18:27 of 3rd period - Goal by Joel Ward - Penguins : 2 - Flyers : 2.
18:28 of 3rd period - Gabriel Bourque wins face-off versus Ryan Getzlaf in neutral zone.
18:28 of 3rd period - Mike Ribeiro is hit by James van Riemsdyk.
18:40 of 3rd period - Minor Penalty to Gabriel Bourque for Hooking.
18:41 of 3rd period - Carl Hagelin wins face-off versus Ryan Nugent-Hopkins in Flyers zone.
18:55 of 3rd period - Off-side.
18:56 of 3rd period - Ryan Getzlaf wins face-off versus Carl Hagelin in neutral zone.
19:11 of 3rd period - Shot by Ryan Getzlaf.
19:11 of 3rd period - Shot Misses the Net.
19:17 of 3rd period - Shot by Jakub Voracek.
19:17 of 3rd period - Stopped by Devan Dubnyk with a rebound.
19:19 of 3rd period - Shot by Mark Giordano.
19:19 of 3rd period - Stopped by Devan Dubnyk without a rebound.
19:20 of 3rd period - Carl Hagelin wins face-off versus Ryan Nugent-Hopkins in Flyers zone.
Goals for this period are 1 for Penguins vs 2 for Flyers.
Shots for this period are 11 for Penguins vs 9 for Flyers.

Overtime #1


0:01 of 1st overtime period - Mike Ribeiro wins face-off versus Ryan Nugent-Hopkins in neutral zone.
0:55 of 1st overtime period - Icing by Damon Severson.
0:56 of 1st overtime period - Mike Santorelli wins face-off versus Jakub Voracek in Flyers zone.
1:24 of 1st overtime period - Shot by Jakub Voracek.
1:24 of 1st overtime period - Stopped by Devan Dubnyk with a rebound.
1:34 of 1st overtime period - Dmitry Kulikov is hit by Carl Hagelin and loses puck.
2:36 of 1st overtime period - Shot by Daniel Sedin.
2:36 of 1st overtime period - Stopped by Marc-Andre Fleury with a rebound.
2:44 of 1st overtime period - Mark Fistric is hit by James van Riemsdyk.
3:02 of 1st overtime period - Shot by Mike Santorelli.
3:02 of 1st overtime period - Shot Misses the Net.
3:36 of 1st overtime period - Icing by Carlo Colaiacovo.
3:37 of 1st overtime period - Damien Brunner wins face-off versus Ryan Getzlaf in Flyers zone.
4:17 of 1st overtime period - Shot by Brandon Saad.
4:17 of 1st overtime period - Stopped by Devan Dubnyk without a rebound.
4:18 of 1st overtime period - Gregory Campbell wins face-off versus Mike Santorelli in Flyers zone.
Goals for this period are 0 for Penguins vs 0 for Flyers.
Shots for this period are 2 for Penguins vs 1 for Flyers.

ShootOut


5:00 of 1st overtime period - Penalty Shot by Ryan Nugent-Hopkins for Penguins.
5:00 of 1st overtime period - Goal by Ryan Nugent-Hopkins.
5:00 of 1st overtime period - Penalty Shot by Carl Hagelin for Flyers.
5:00 of 1st overtime period - Stopped by Marc-Andre Fleury.
5:00 of 1st overtime period - Penalty Shot by Jakub Voracek for Penguins.
5:00 of 1st overtime period - Shot Misses the Net.
5:00 of 1st overtime period - Penalty Shot by Mike Ribeiro for Flyers.
5:00 of 1st overtime period - Stopped by Marc-Andre Fleury.
5:00 of 1st overtime period - Penalty Shot by David Perron for Penguins.
5:00 of 1st overtime period - Shot Misses the Net.
5:00 of 1st overtime period - Penalty Shot by Jean-Gabriel Pageau for Flyers.
5:00 of 1st overtime period - Stopped by Marc-Andre Fleury.